 Dungeon Crawl Stone Soup version 0.30-a0-331-g8ab09dc110 (webtiles) character file.

Game seed: 9344595232181649099

441 Muataran the Trooper (level 6, -3/58 HPs)
             Began as a Minotaur Fighter on Oct 29, 2022.
             Succumbed to an orc wizard's poison
             ... on level 5 of the Dungeon.
             The game lasted 00:06:45 (2978 turns).

Muataran the Trooper (Minotaur Fighter)             Turns: 2978, Time: 00:06:46

Health: -3/58      AC:  9    Str: 23    XL:     6   Next: 70%
Magic:  5/5        EV:  6    Int:  5    God:
Gold:   141        SH: 11    Dex: 19    Spells: 5/5 levels left

rFire   . . .      SeeInvis .    a - +0 long sword
rCold   . . .      Faith    .    u - +1 kite shield
rNeg    . . .      Spirit   .    c - +0 chain mail
rPois   .          Reflect  .    (helmet restricted)
rElec   .          Harm     .    (no cloak)
rCorr   .          Rampage  .    (no gloves)
Will    .....                    (no boots)
Stlth   ..........               f - amulet "Ralo" {Regen+ Dex+4}
HPRegen 1.09/turn                n - +6 ring of dexterity
MPRegen 0.09/turn                (no ring)

@: lethally poisoned (-3 -> -18)
A: horns 2, retaliatory headbutt
a: no special abilities


You were on level 5 of the Dungeon.
You visited 1 branch of the dungeon, and saw 5 of its levels.

You collected 141 gold pieces.

Inventory:

Hand Weapons
 a - a +0 long sword (weapon)
Armour
 c - a +0 chain mail (worn)
 u - a +1 kite shield (worn)
Jewellery
 b - the ring of Spite {Fire *Corrode Dex+8 SInv Stlth-}
   (You found it on level 3 of the Dungeon)

   [ring of fire]

   It enhances your fire magic.
   Dex:       It affects your dexterity (+8).
   rF:        It protects you from fire.
   rC:        It makes you vulnerable to cold.
   SInv:      It lets you see invisible.
   *Corrode:  It may corrode you when you take damage.
   Stlth:     It makes you less stealthy.
 f - the amulet "Ralo" (around neck) {Regen+ Dex+4}
   (You acquired it on level 4 of the Dungeon)

   [amulet of regeneration]

   Dex:       It affects your dexterity (+4).
   Regen:     It increases your rate of health regeneration.
 j - an amulet of reflection
 n - a +6 ring of dexterity (left hand)
Wands
 g - a wand of flame (1)
 w - a wand of mindburst (6)
Scrolls
 l - a scroll of silence {unknown}
 q - a scroll of magic mapping {unknown}
 r - a scroll of brand weapon {unknown}
 s - a scroll of butterflies {unknown}
 v - 2 scrolls of enchant weapon {unknown}
Potions
 e - a potion of mutation {unknown}
 h - a potion of cancellation
 k - a potion of degeneration
 p - 3 potions of attraction
 t - a potion of heal wounds


   Skills:
 * Level 6.4 Fighting
 + Level 4.3 Long Blades
 + Level 5.3 Armour
 + Level 5.1 Shields


You had 5 spell levels left.
You didn't know any spells.
Your spell library was empty.

Dungeon Overview and Level Annotations

Branches:
Dungeon (5/15)
 Temple: D:4-7

Altars:
Cheibriados
Fedhas
Nemelex Xobeh
Uskayaw
Vehumet
Wu Jian


Innate Abilities, Weirdness & Mutations

You have a pair of horns on your head.
You reflexively headbutt those who attack you in melee.


Message History

Okay, then.
You closely miss something.
You feel very sick. Something hits you but does no damage.
You are more poisoned.
You hear some strange, mumbled words.
A magic dart appears from out of thin air!
The magic dart hits you!
* * * LOW HITPOINT WARNING * * *
Unknown command.
You feel much better.
You feel very sick. Something hits you but does no damage.
You are more poisoned.
Something hits you.
You feel very sick.
Things that are here:
a +0 club; a +0 leather armour; a +0 club You feel very sick.
You block something's attack.
You feel very sick.
You hear some strange, mumbled words.
You are confused.
You feel very sick.
You bump into the rock wall.
You feel very sick.
You barely miss something.
You feel sick. Something hits you.
* * * LOW HITPOINT WARNING * * *
You bump into the rock wall.
You feel sick. Something hits you.
* * * LOW HITPOINT WARNING * * *
You are more poisoned.
You bump into the rock wall.
* * * LOW HITPOINT WARNING * * *
You feel very sick. Something hits you.
* * * LOW HITPOINT WARNING * * *
You are more poisoned.
You bump into the rock wall.
You feel less confused.
You die...

#########
#.......######
#.#####.#....#
#@# #.#.##.#
####{###
#.#.##.#
#..ooo.#
#.#.##.#
#.##.#)#
#.#<##.# #
#.#)#
#.####.##
#.#.#
#.......#
#.#.#
#########
...># #.#.#


You could see 3 orcs.

Vanquished Creatures
  An ogre (D:4)
  2 hounds
  An orc priest (D:5)
  An iguana (D:4)
  An orc wizard (D:5)
  9 gnolls
  6 adders
  An ufetubus (D:4)
  2 orcs
  8 bats
  4 endoplasms
  5 giant cockroaches
  6 goblins
  4 hobgoblins
  4 jackals
  3 kobolds
  4 quokkas
  3 ball pythons
  4 frilled lizards
  3 rats
72 creatures vanquished.

Notes
Turn   | Place    | Note
-------+----------+-------------------------------------------
     0 | D:1      | Muataran the Minotaur Fighter began the quest for the Orb.
     0 | D:1      | Reached XP level 1. HP: 19/19 MP: 0/0
   145 | D:1      | Reached XP level 2. HP: 27/27 MP: 1/1
   166 | D:1      | Reached skill level 4 in Fighting
   454 | D:2      | Found a faded altar of an unknown god.
   555 | D:2      | Reached XP level 3. HP: 33/33 MP: 2/2
  1068 | D:3      | Reached XP level 4. HP: 26/41 MP: 3/3
  1340 | D:3      | Found a snail-covered altar of Cheibriados.
  1341 | D:3      | Found a radiant altar of Vehumet.
  1425 | D:3      | Found a blossoming altar of Fedhas.
  1432 | D:3      | Found a sparkling altar of Nemelex Xobeh.
  1584 | D:3      | Reached skill level 5 in Fighting
  1750 | D:3      | Identified the ring of Spite {Fire *Corrode Dex+8 SInv
                  | Stlth-}
  2317 | D:4      | Reached XP level 5. HP: 31/48 MP: 4/4
  2424 | D:4      | Identified a scroll of acquirement
  2424 | D:4      | Acquired the amulet "Ralo" {Regen+ Dex+4}
  2524 | D:4      | Found a hide-covered altar of Uskayaw.
  2695 | D:4      | Found an ornate altar of the Wu Jian Council.
  2714 | D:4      | Noticed an ogre
  2724 | D:4      | Killed an ogre
  2725 | D:4      | Reached skill level 6 in Fighting
  2725 | D:4      | Reached skill level 5 in Armour
  2725 | D:4      | Reached XP level 6. HP: 10/57 MP: 5/5
  2730 | D:4      | Reached skill level 5 in Shields
  2903 | D:5      | Entered Level 5 of the Dungeon
  2964 | D:5      | HP: 1/58 [something/magic dart (6)]
  2977 | D:5      | HP: 2/58 [something (4)]
  2978 | D:5      | Succumbed to an orc wizard's poison

Illustrated notes

Levels and vault maps discovered:
D:1:      dpeg_arrival_simpleton_c, layout_rooms, corner_web_ring
D:2:      layout_loops_cross, hellmonk_ecumenical_altar_zigzags
D:3:      layout_basic, amethyst_overflow_temple_binary,
          grunt_temple_overflow_open, skrybe_limestone_x
D:4:      layout_rooms, mainiacjoe_overflow_six_doors_small,
          eat_drink_and_be_merry_uskayaw
D:5:      layout_basic, kennysheep_mini, ebering_ghost_gozag,
          minmay_manual_monstrance, uniq_edmund

Skill      XL: |  1  2  3  4  5  6 |
---------------+-------------------+-----
Fighting       | 4 5 6 |  6.4
Armour         | 4 5 |  5.3
Shields        | 4 5 |  5.1
Long Blades    | 3 4 |  4.3

Action                   |  1- 3 |  4- 6 || total
-------------------------+-------+-------++-------
Melee: Long sword        |    75 |   107 ||   182
       Headbutt          |     8 |    17 ||    25
  Use: Scroll            |       |    10 ||    10
       Potion            |       |     4 ||     4
Armor: Scale mail        |    44 |    10 ||    54
       Chain mail        |       |    37 ||    37
Dodge: Dodged            |    37 |    23 ||    60
Block: Buckler           |    34 |     9 ||    43
       Kite shield       |       |    54 ||    54

Table legend: (Time is in decaauts)
 A = Elapsed time spent in this place.
 B = Non-inter-level travel time spent in this place.
 C = Inter-level travel time spent in this place.
 D = Time resting spent in this place.
 E = Time spent auto-exploring this place.
 F = Levels seen in this place.
 G = Mean time per level.
                   A        B        C        D        E       F      G
               +--------+--------+--------+--------+--------+-----+--------+
         Total |   3038 |   2881 |    157 |    254 |   2064 |   5 |  607.6 |
       Dungeon |   3038 |   2881 |    157 |    254 |   2064 |   5 |  607.6 |
               +--------+--------+--------+--------+--------+-----+--------+

Top non-repeatable levels by time:
     D:3: 1253 daAuts
     D:4: 653 daAuts
     D:2: 616 daAuts
     D:1: 431 daAuts
     D:5: 84 daAuts
